 Dungeon Crawl Stone Soup version 0.30-a0-924-g0ad0bf95bc (webtiles) character file.

Game seed: 17901814231320237221

66 DeathPants the Cutter (level 4, -1/23 HPs)
             Began as a Vine Stalker Gladiator on Mar 22, 2023.
             Slain by a gnoll
             ... wielding a +0 halberd
              (8 damage)
             ... on level 2 of the Dungeon.
             The game lasted 00:04:13 (1129 turns).

DeathPants the Cutter (Vine Stalker Gladiator)      Turns: 1129, Time: 00:04:14

Health: -1/23      AC:  5    Str: 16    XL:     4   Next: 15%
Magic:  0/5        EV: 13    Int:  8    God:
Gold:   32         SH:  0    Dex: 18    Spells: 3/3 levels left

rFire   . . .      SeeInvis .    a - +0 rapier
rCold   . . .      Faith    .    (no shield)
rNeg    . . .      Spirit   +    b - +0 leather armour
rPois   .          Reflect  .    c - +0 helmet
rElec   .          Rampage  .    j - +0 cloak
rCorr   .                        (no gloves)
Will    .....                    (no boots)
Stlth   ++                       (no amulet)
HPRegen 1.03/turn                (no ring)
MPRegen 0.09/turn                (no ring)

@: no status effects
A: fangs 2, regeneration 1, magic shield, antimagic bite, no potion heal 2
a: no special abilities


You were on level 2 of the Dungeon.
You visited 1 branch of the dungeon, and saw 2 of its levels.

You collected 80 gold pieces.
You spent 48 gold pieces at shops.

Inventory:

Hand Weapons
 a - a +0 rapier (weapon)
Missiles
 d - 3 throwing nets (quivered)
 e - a javelin
Armour
 b - a +0 leather armour (worn)
 c - a +0 helmet (worn)
 j - a +0 cloak (worn)
Scrolls
 i - a scroll of identify {unknown}
Potions
 g - a potion of curing {unknown}
 h - a potion of lignification {unknown}
 k - a potion of flight {unknown}
 l - a potion of attraction {unknown}
 m - 2 potions of heal wounds {unknown}
 n - a potion of ambrosia {unknown}
 o - a potion of might


   Skills:
 + Level 2.4 Fighting
 + Level 3.2 Short Blades
 - Level 1.7 Throwing
 + Level 2.8 Dodging
 + Level 2.2 Stealth


You had 3 spell levels left.
You didn't know any spells.
Your spell library was empty.

Dungeon Overview and Level Annotations

Branches:
Dungeon (2/15)

Altars:

Shops:
D:1 *


Innate Abilities, Weirdness & Mutations

You have extremely sharp teeth.
Your natural rate of healing is unusually fast.
When hurt, damage is shared between your health and your magic reserves.
Your bite disrupts and absorbs the magic of your enemies.
Potions cannot restore your health.


Message History

You climb downwards.
The gnoll closely misses you. x2
There is a stone staircase leading up here.
The gnoll hits you with a +0 club. The gnoll closely misses you.
You climb upwards.
There is a stone staircase leading down here.
You hit the gnoll. You bite the gnoll. You drain its power.
The gnoll is moderately wounded.
The gnoll hits you with a +0 club.
You hit the gnoll.
The gnoll is severely wounded.
The gnoll barely misses you.
You puncture the gnoll!
You kill the gnoll!
You have reached level 4!
You feel agile.
You begin to heal more quickly.
You start resting.
HP restored.
You start waiting.
Done waiting.
You climb downwards.
There is a stone staircase leading up here.
The giant cockroach barely misses you.
The giant cockroach bites you but does no damage.
You closely miss the giant cockroach.
The gnoll hits you from afar with a +0 halberd!
The giant cockroach bites you. The gnoll completely misses you.
A gnoll comes into view. It is wielding a +0 spear.
The gnoll shouts!
You hit the giant cockroach.
The giant cockroach is moderately wounded.
The giant cockroach bites you.
The gnoll hits you from afar with a +0 halberd!
* * * LOW HITPOINT WARNING * * *
The giant cockroach attacks as you move away!
The giant cockroach barely misses you.
There is a stone staircase leading up here.
The giant cockroach barely misses you. x2
The gnoll hits you from afar with a +0 halberd!
You die...

#########
#.......#
#......<#
#.......#
#.......#
#......)#
#.......##
#.$......##
#.>@Bg....######
#.........[....#
########.g$.....
#........
#........
#...B....
#.?...=..
#....g...
#.....$..


You could see 2 gnolls and a giant cockroach.

Vanquished Creatures
  A gnoll (D:1)
  2 dart slugs (D:1)
  5 endoplasms (D:1)
  6 giant cockroaches (D:1)
  5 goblins
  3 hobgoblins (D:1)
  5 jackals (D:1)
  2 quokkas (D:1)
  3 ball pythons (D:1)
  5 bats (D:1)
  A kobold (D:1)
  9 rats (D:1)
47 creatures vanquished.

Notes
Turn   | Place    | Note
-------+----------+-------------------------------------------
     0 | D:1      | DeathPants the Vine Stalker Gladiator began the quest for
                  | the Orb.
     0 | D:1      | Reached XP level 1. HP: 11/11 MP: 2/2
     1 | D:1      | Found a runed translucent door.
   156 | D:1      | Reached skill level 1 in Stealth
   156 | D:1      | Reached XP level 2. HP: 13/15 MP: 3/3
   207 | D:1      | Found Jiluwn's General Store.
   424 | D:1      | Reached skill level 3 in Short Blades
   424 | D:1      | Reached XP level 3. HP: 17/18 MP: 4/4
   987 | D:1      | Bought a potion of might for 48 gold pieces
  1021 | D:1      | Gained mutation: Your natural rate of healing is unusually
                  | fast. [Vine Stalker growth]
  1021 | D:1      | Reached XP level 4. HP: 21/23 MP: 5/5
  1129 | D:2      | Slain by a gnoll

Illustrated notes

Levels and vault maps discovered:
D:1:      dpeg_arrival_caged_fury, layout_loops_ring, serial_shops,
          nicolae_shop_waterfront
D:2:      layout_rooms, uniq_jessica, uniq_crazy_yiuf_cottage

Skill      XL: |  1  2  3 |
---------------+----------+-----
Fighting       | 2 |  2.4
Stealth        | 1 2 |  2.2
Short Blades   | 3 |  3.2
Throwing       | |  1.7
Dodging        | |  2.8

Action                     |  1- 3 |  4- 6 || total
---------------------------+-------+-------++-------
  Melee: Rapier            |   108 |     2 ||   110
         Bite              |    20 |       ||    20
         Punch             |     1 |       ||     1
    Use: Scroll            |     1 |       ||     1
   Stab: Sleeping          |     6 |       ||     6
 Armour: Leather armour    |    29 |     1 ||    30
  Dodge: Dodged            |    57 |     5 ||    62

Table legend: (Time is in decaauts)
 A = Elapsed time spent in this place.
 B = Non-inter-level travel time spent in this place.
 C = Inter-level travel time spent in this place.
 D = Time resting spent in this place.
 E = Time spent auto-exploring this place.
 F = Levels seen in this place.
 G = Mean time per level.
                   A        B        C        D        E       F      G
               +--------+--------+--------+--------+--------+-----+--------+
         Total |   1137 |   1051 |     86 |    119 |    507 |   2 |  568.5 |
       Dungeon |   1137 |   1051 |     86 |    119 |    507 |   2 |  568.5 |
               +--------+--------+--------+--------+--------+-----+--------+

Top non-repeatable levels by time:
     D:1: 1107 daAuts
     D:2: 29 daAuts
